cohdb
Replays
Latest Replays
All Replays
Popular Replays
Top Player Replays
Match Explorer
How It Works
Community
CoH3 Stats
Reddit
Sign in to upload your games and track your stats! →
Sign in with Steam
Match 44490880
Unlisted
Match 44490880
Overview
Messages
Build Orders
End
Pioneer Squad
Construct Infanterie Kompanie
Selects Breakthrough Battlegroup
Selects Breakthrough Battlegroup
Grenadier Squad
Grenadier Squad
Grenadier Squad
Construct Luftwaffe Kompanie
Selects Assault Grenadiers
Selects Rapid Production
221 Scout Car
MG 42 Machine Gun Team
Luftwaffe Officer Quarters
Jäger Squad
Support Elements
Selects Breakthrough
Wirbelwind Flakpanzer
Selects Mechanized Assault Group
Pioneer Squad
MG 42 Machine Gun Team
Medical Bunker
Wirbelwind Flakpanzer
Selects Blitzkrieg
Mechanized Assault Group
Construct Panzer Kompanie
Selects Tiger Heavy Tank
Tiger Heavy Tank
Marder III M Tank Destroyer
Blitzkrieg
咚咚锵个腿
金丝猴
0
0
Comments
sign in to comment!
No comments posted yet!